 Dungeon Crawl Stone Soup version 0.22-a0-196-gee22f27 (webtiles) character file.

21154 NeonDemon the Fighter (level 12, 73/104 HPs)
             Began as a Yellow Draconian Summoner on Feb 2, 2018.
             Was a High Priest of Elyvilon.
             Quit the game on level 1 of the Orcish Mines on Feb 17, 2018.
             The game lasted 02:55:40 (21045 turns).

NeonDemon the Fighter (Yellow Draconian Summoner)  Turns: 21045, Time: 02:55:40

Health: 73/104     AC: 14    Str: 10    XL:     12   Next: 51%
Magic:  19/22      EV: 19    Int: 17    God:    Elyvilon [*****.]
Gold:   1016       SH:  8    Dex: 16    Spells: 7/24 levels left

rFire    . . .     SeeInvis +   a - +2 rapier (venom)
rCold    + . .     Gourm    .   g - +0 buckler
rNeg     . . .     Faith    .   (armour unavailable)
rPois    .         Spirit   .   (helmet restricted)
rElec    .         Reflect  +   e - +2 cloak
rCorr    +         Harm     .   M - +1 pair of gloves
MR       +....                  f - +0 pair of boots
Stlth    +++.......             j - +3 amulet of reflection
HPRegen  0.27/turn              I - ring "Tutehul" {rC+ MR+ SInv Stlth+}
MPRegen  0.18/turn              D - +4 ring of evasion

@: no status effects
A: spit acid, acid resistance, unfitting armour, cold-blooded, AC +8
a: Breathe Acid, Lesser Healing, Heal Other, Purification, Greater Healing,
Divine Vigour, Divine Protection, Renounce Religion


You were on level 1 of the Orcish Mines.
You worshipped Elyvilon.
Elyvilon was extremely pleased with you.
You were not hungry.

You visited 4 branches of the dungeon, and saw 16 of its levels.

You collected 1497 gold pieces.
You spent 481 gold pieces at shops.

Inventory:

Hand Weapons
 a - a +2 rapier of venom (weapon)
 H - a +0 blowgun
Missiles
 v - 5 throwing nets (quivered) {!f}
 J - 2 curare-tipped needles
Armour
 e - a +2 cloak (worn)
 f - a +0 pair of boots (worn)
 g - a +0 buckler (worn)
 s - a +0 shield
 M - a +1 pair of gloves (worn)
Magical Staves
 b - an uncursed staff of cold
 C - an uncursed staff of wizardry
Jewellery
 j - a +3 amulet of reflection (around neck)
 D - a +4 ring of evasion (right hand)
 F - an uncursed ring of poison resistance
 I - the ring "Tutehul" (left hand) {rC+ MR+ SInv Stlth+}
   (You found it on level 7 of the Dungeon)

   [ring of protection from cold]

   It protects you from cold.
   It affects your resistance to hostile enchantments.
   It lets you see invisible.
   It makes you more stealthy.
Wands
 z - a wand of digging (27)
Scrolls
 h - 7 scrolls of teleportation
 i - 2 scrolls of fog
 k - 2 scrolls of immolation {!r}
 l - 5 scrolls of remove curse
 n - 2 scrolls of magic mapping
 p - 2 scrolls of blinking {!r}
 r - 2 scrolls of vulnerability {!r}
 w - a scroll of enchant weapon
 x - a scroll of enchant armour {unknown}
 E - a scroll of noise {unknown}
 L - a scroll of fear
Potions
 c - 2 potions of mutation {!q}
 m - 4 potions of might
 o - a potion of flight
 q - 6 potions of curing
 t - 3 potions of heal wounds
 u - 5 potions of lignification {!q}
 A - 3 potions of cancellation
 B - a potion of degeneration {unknown}
 G - a potion of berserk rage {unknown}
Comestibles
 d - 11 rations
 K - a chunk of flesh


   Skills:
 - Level 9.0 Fighting
 - Level 8.1 Short Blades
 * Level 4.6 Dodging
 - Level 1.7 Stealth
 - Level 4.0 Shields
 - Level 6.8 Spellcasting
 - Level 3.0 Conjurations
 - Level 8.0 Summonings
 - Level 3.0 Translocations
 - Level 7.0 Ice Magic
 - Level 6.1 Air Magic
 - Level 3.0 Poison Magic
 + Level 8.1 Invocations


You had 7 spell levels left.
You knew the following spells:

 Your Spells              Type           Power        Failure   Level  Hunger
a - Mephitic Cloud        Conj/Pois/Air  ###.....     7%          3    ##.....
b - Call Canine Familiar  Summ           ####....     1%          3    ##.....
c - Apportation           Tloc           ###...       3%          1    None
d - Summon Ice Beast      Ice/Summ       ####....     5%          4    ####...
e - Summon Lightning Spi  Summ/Air       ####....     6%          4    ####...
f - Blink                 Tloc           N/A          5%          2    None


Dungeon Overview and Level Annotations

Branches:
Dungeon (12/15)            Temple (1/1) D:5            Lair (1/6) D:11
    Orc (2/2) D:12            Elf (0/3) Orc:2

Altars:
Ashenzari
Cheibriados
Dithmenos
Elyvilon
Fedhas
Kikubaaqudgha
Makhleb
Okawaru
Qazlal
Ru
Trog
Uskayaw
Vehumet
Xom
Yredelemnul
Zin

Shops:
D:5 **   D:9 :   Orc:1 [

Annotations:
D:1 exclusion: 2 downstairs
D:7 exclusion: downstairs
D:9 exclusion: 2 downstairs
D:10 Paulus's ghost, journeyman GrSk
D:11 exclusion: downstairs, Frances
Lair:1 Nergalle
Orc:2 4 exclusions


Innate Abilities, Weirdness & Mutations

You can spit globs of acid.
You are resistant to acid.
Your golden yellow scales are hard. (AC +8)
You cannot fit into any form of body armour.
You are cold-blooded and may be slowed by cold attacks.


Message History

You kill the orc sorcerer!
Things that are here:
an enchanted dagger; a runed robe; an orc corpse You butcher the orc corpse.
K - a chunk of flesh
Things that are here:
an enchanted dagger; a runed robe
There is a stone staircase leading down here.
Save game and exit?
Welcome back, NeonDemon the Yellow Draconian Summoner.
Elyvilon says: Go forth and aid the weak!
Press ? for a list of commands and other information.
Are you sure you want to abandon this character and quit the game? (Confirm with "yes".)
Okay, then.
Unknown command.
Unknown command.
You are a level 12 Yellow Draconian Summoner.
You are 51% of the way to level 13.
Play time: 02:55:38 (21045 turns) Are you sure you want to abandon this character and quit the game? (Confirm with "yes".)

##.......######.(..
##..[.....#..##..>..
##..[[........#...(..
#...)[[)#)...........
#####...[<#..[........#
#......#.##.........###
##...[#######.......##
#....[..# ##.........##
##...[@.###....[.....#.
##.8#[........(.......
##.#.........##......
####.........#......
#........######...
###..........## #...
#.............####.#
###..............# #.#
#........#.......# ###


You could see a friendly lightning spire.

Vanquished Creatures
  Fannar Harold
  2 cyclopes
  An orc sorcerer Maurice
  3 trolls
  A polar bear
  2 shadows
  A spriggan
  A wyvern
  4 yaks
  2 acid dragons
  A water moccasin
  2 sky beasts
  19 orc warriors
  A hornet zombie
  3 ice beasts
  7 ogres
  A wolf
  2 centaurs
  7 bullfrogs
  A water moccasin skeleton
  6 scorpions
  A wyvern skeleton
  12 killer bees
  5 wights
  A howler monkey
  3 crimson imps
  A quasit
  9 orc priests
  5 hounds
  13 orc wizards
  2 bullfrog skeletons
  7 worker ants
  3 hound zombies
  A worker ant zombie
  2 howler monkey skeletons
  5 adders
  9 gnolls
  4 shadow imps
  2 white imps
  An ufetubus
  3 oozes
  A worm
  3 dart slugs
  5 leopard geckos
  68 orcs
  4 giant cockroaches
  5 goblins
  3 hobgoblins
  7 jackals
  5 quokkas
  2 ball pythons
  5 bats
  4 frilled lizards
  5 kobolds
  3 rats
279 creatures vanquished.

Vanquished Creatures (collateral kills)
  An orc warlord
  A stone giant
  3 two-headed ogres Sonja
  A deep elf knight
  An unseen horror
  The ghost of Daviar the Transmogrifier, a novice OpTm of Cheibriados
  2 orc knights
  2 deep elf magi
  The ghost of murphy the Insei, a novice GnTm
  2 ugly things
  A centaur skeleton
  A komodo dragon
  The ghost of anet the Magician, a novice DEWz
  3 trolls
  A hippogriff
  A wyvern Sigmund
  3 yaks
  A fire bat
  2 hungry ghosts Grum
  6 wargs
  2 acid dragons
  A water moccasin
  6 orc warriors
  4 ice beasts
  A sky beast
  2 black bears
  A phantom
  5 ogres
  A centaur
  3 wolves
  A big kobold
  5 bullfrogs
  2 scorpions
  5 jellies
  3 killer bees
  4 wights
  5 crimson imps
  2 quasits
  5 hounds
  A bullfrog skeleton
  3 orc priests
  13 orc wizards Jessica
  2 worker ants
  A worker ant zombie
  8 gnolls
  2 adders
  A shadow imp
  A white imp
  An adder skeleton
  A dart slug
  A leopard gecko
  41 orcs
  A giant cockroach
  3 goblins
  3 hobgoblins
  4 jackals
  2 quokkas
  A bat
  6 kobolds
  A quokka skeleton
  2 rats
196 creatures vanquished.

Vanquished Creatures (others)
  2 orcs
  4 plants
6 creatures vanquished.

Grand Total: 481 creatures vanquished

Notes
Turn   | Place    | Note
-------+----------+-------------------------------------------
     0 | D:1      | NeonDemon the Draconian Summoner began the quest for the Orb.
     0 | D:1      | Reached XP level 1. HP: 14/14 MP: 3/3
   700 | D:1      | Reached XP level 2. HP: 19/22 MP: 3/5
   743 | D:1      | Learned a level 2 spell: Call Imp
  1135 | D:2      | Noticed a scorpion
  1243 | D:1      | Reached skill level 1 in Fighting
  1320 | D:1      | Killed a scorpion
  1320 | D:1      | Reached XP level 3. HP: 16/28 MP: 0/6
  1629 | D:2      | Noticed Jessica
  1639 | D:2      | Killed Jessica
  1639 | D:2      | Reached XP level 4. HP: 35/36 MP: 2/7
  1760 | D:2      | Reached skill level 5 in Summonings
  1766 | D:2      | Learned a level 3 spell: Call Canine Familiar
  1801 | D:2      | Reached skill level 2 in Fighting
  2297 | D:3      | Reached XP level 5. HP: 14/42 MP: 4/9
  2305 | D:3      | Reached skill level 3 in Spellcasting
  3512 | D:4      | Noticed anet's ghost (novice DEWz)
  3523 | D:4      | Learned a level 4 spell: Summon Ice Beast
  3540 | D:4      | Killed anet's ghost
  3540 | D:4      | Reached skill level 3 in Fighting
  3540 | D:4      | Reached skill level 6 in Summonings
  3540 | D:4      | Reached XP level 6. HP: 51/51 MP: 1/11
  3881 | D:4      | Noticed Sigmund
  3934 | D:4      | Killed Sigmund
  4116 | D:5      | Entered Level 5 of the Dungeon
  4263 | D:5      | Your scales start taking on a golden yellow colour.
  4263 | D:5      | Reached XP level 7. HP: 56/58 MP: 8/12
  4475 | D:5      | Reached skill level 4 in Fighting
  4475 | D:5      | Reached skill level 4 in Spellcasting
  4519 | D:5      | Learned a level 4 spell: Summon Lightning Spire
  4834 | D:5      | Reached skill level 7 in Summonings
  4876 | D:5      | Found a staircase to the Ecumenical Temple.
  4877 | D:5      | Found Lezxoi Joutz's General Store.
  4886 | Temple   | Entered the Ecumenical Temple
  4919 | Temple   | Became a worshipper of Elyvilon the Healer
  4964 | D:5      | Bought a scroll of fog for 26 gold pieces
  4964 | D:5      | Bought a scroll of fear for 45 gold pieces
  4964 | D:5      | Bought a scroll of teleportation for 39 gold pieces
  5032 | D:5      | Reached skill level 1 in Ice Magic
  5126 | D:5      | Found Plog's Serpentskin Sales.
  5274 | D:5      | Found a glowing silver altar of Zin.
  5459 | D:6      | Reached skill level 2 in Ice Magic
  5594 | D:6      | Reached XP level 8. HP: 67/67 MP: 11/14
  5608 | D:6      | Reached skill level 5 in Fighting
  5608 | D:6      | Reached skill level 3 in Ice Magic
  6054 | D:6      | Reached skill level 4 in Ice Magic
  6391 | D:6      | Reached * piety under Elyvilon
  6550 | D:6      | Reached skill level 5 in Ice Magic
  6636 | D:6      | Reached skill level 6 in Fighting
  7003 | D:6      | Reached skill level 6 in Ice Magic
  7373 | D:7      | Found a bloodstained altar of Trog.
  7549 | D:7      | Reached ** piety under Elyvilon
  7553 | D:7      | Noticed murphy's ghost (novice GnTm)
  7615 | D:7      | Killed murphy's ghost
  7615 | D:7      | Reached skill level 7 in Fighting
  7615 | D:7      | Reached XP level 9. HP: 32/79 MP: 2/15
  7936 | D:7      | Reached skill level 1 in Invocations
  7970 | D:7      | Reached skill level 7 in Ice Magic
  8020 | D:7      | Reached skill level 2 in Invocations
  8028 | D:7      | Found a transporter.
  8254 | D:7      | Reached skill level 1 in Short Blades
  8260 | D:7      | Reached skill level 3 in Invocations
  8573 | D:7      | Learned a level 1 spell: Apportation
  8689 | D:7      | Learned a level 2 spell: Blink
  8695 | D:7      | Learned a level 3 spell: Mephitic Cloud
  8740 | D:7      | Reached skill level 2 in Short Blades
  8976 | D:8      | Noticed Daviar's ghost (novice OpTm)
  9062 | D:8      | Reached skill level 4 in Invocations
  9102 | D:8      | Reached skill level 1 in Shields
  9131 | D:8      | Reached *** piety under Elyvilon
  9162 | D:8      | Reached skill level 2 in Shields
  9175 | D:8      | Reached skill level 3 in Shields
  9362 | D:8      | Reached skill level 4 in Shields
  9768 | D:8      | Killed Daviar's ghost
  9768 | D:8      | Reached skill level 3 in Short Blades
  9768 | D:8      | Reached skill level 5 in Spellcasting
  9768 | D:8      | Reached XP level 10. HP: 76/86 MP: 5/17
  9774 | D:8      | Noticed a two-headed ogre
  9804 | D:8      | Killed a two-headed ogre
  9804 | D:8      | Reached skill level 5 in Invocations
 10226 | D:9      | Reached skill level 4 in Short Blades
 10270 | D:9      | Reached skill level 1 in Air Magic
 10572 | D:9      | Reached skill level 2 in Air Magic
 11130 | D:9      | Reached skill level 6 in Invocations
 11140 | D:9      | Reached skill level 3 in Air Magic
 11217 | D:9      | Reached skill level 6 in Spellcasting
 11479 | D:9      | Reached **** piety under Elyvilon
 11595 | D:9      | Found Motwomea's Book Boutique.
 11692 | D:9      | Noticed a two-headed ogre
 11701 | D:9      | Killed a two-headed ogre
 11701 | D:9      | Reached skill level 4 in Air Magic
 11894 | D:10     | Entered Level 10 of the Dungeon
 11894 | D:10     | Noticed Harold
 12172 | D:9      | Reached skill level 5 in Air Magic
 12220 | D:10     | Reached skill level 1 in Translocations
 12438 | D:10     | Reached skill level 1 in Conjurations
 12438 | D:10     | Reached skill level 1 in Poison Magic
 12976 | D:10     | Killed Harold
 12976 | D:10     | Reached skill level 2 in Translocations
 12976 | D:10     | Reached XP level 11. HP: 92/92 MP: 11/20
 12978 | D:10     | Reached skill level 2 in Conjurations
 12978 | D:10     | Reached skill level 2 in Poison Magic
 13081 | D:10     | Reached ***** piety under Elyvilon
 13103 | D:10     | Reached skill level 8 in Summonings
 13282 | D:10     | Noticed Paulus's ghost (journeyman GrSk)
 13433 | D:10     | Noticed Grum
 13447 | D:10     | Killed Grum
 13609 | D:10     | Reached skill level 3 in Translocations
 14729 | D:11     | Reached skill level 3 in Conjurations
 14729 | D:11     | Reached skill level 3 in Poison Magic
 15225 | D:11     | Found a staircase to the Lair.
 15791 | D:7      | Noticed a purple ugly thing
 15800 | D:7      | Found a transporter.
 15802 | D:7      | Killed a purple ugly thing
 15877 | D:7      | Got a brightly glowing golden ring
 15885 | D:7      | Identified the ring "Tutehul" {rC+ MR+ SInv Stlth+} (You found it on level 7 of the Dungeon)
 16042 | D:5      | Bought a +2 rapier of venom for 184 gold pieces
 16221 | Lair:1   | Entered Level 1 of the Lair of Beasts
 16221 | Lair:1   | Noticed Nergalle
 16221 | Lair:1   | Noticed an eight-headed hydra
 16260 | D:12     | Noticed Frances
 16260 | D:12     | Noticed a cyan ugly thing
 16276 | D:11     | Killed a cyan ugly thing
 16420 | D:12     | Noticed a two-headed ogre
 16421 | D:12     | Upgraded the game from 0.22-a0-136-g83a10e5 to 0.22-a0-161-g198051c
 16680 | D:11     | Noticed a sun demon
 16756 | D:12     | Noticed an unseen horror
 16779 | D:12     | Killed an unseen horror
 16779 | D:12     | Reached skill level 7 in Invocations
 16853 | D:12     | Killed a two-headed ogre
 16853 | D:12     | Reached skill level 6 in Air Magic
 17092 | D:12     | Noticed Sonja
 17098 | D:12     | Killed Sonja
 17142 | D:12     | Noticed a six-headed hydra
 17229 | D:12     | Noticed Fannar
 17259 | D:12     | Killed Fannar
 17259 | D:12     | Reached skill level 8 in Fighting
 17259 | D:12     | Reached skill level 5 in Short Blades
 17286 | D:12     | Found a staircase to the Orcish Mines.
 17382 | D:12     | Pacified a six-headed hydra
 17459 | D:12     | Noticed Maurice
 17685 | D:12     | Killed Maurice
 17924 | Orc:1    | Entered Level 1 of the Orcish Mines
 17983 | D:12     | Reached skill level 6 in Short Blades
 18503 | Orc:1    | Noticed an orc knight
 18547 | Orc:1    | Killed an orc knight
 18547 | Orc:1    | Reached XP level 12. HP: 103/103 MP: 11/22
 18821 | Orc:1    | Found Lilloeg's Antique Armour Shoppe.
 18946 | Orc:1    | Bought a pair of glowing gloves for 187 gold pieces
 19069 | Orc:2    | Entered Level 2 of the Orcish Mines
 19208 | Orc:2    | Reached skill level 7 in Short Blades
 19228 | Orc:2    | Reached skill level 9 in Fighting
 19585 | Orc:2    | Noticed a stone giant
 19800 | Orc:2    | Reached skill level 8 in Short Blades
 19822 | Orc:2    | Noticed an orc warlord
 19929 | Orc:1    | Killed a stone giant
 19929 | Orc:1    | Reached skill level 2 in Dodging
 20161 | Orc:1    | Reached skill level 3 in Dodging
 20272 | Orc:2    | Noticed an orc warlord
 20273 | Orc:2    | Noticed an orc high priest
 20563 | Orc:1    | Killed an orc warlord
 20563 | Orc:1    | Reached skill level 4 in Dodging
 20789 | Orc:1    | Reached skill level 8 in Invocations
 21025 | Orc:2    | Paralysed by an orc sorcerer for 4 turns
 21045 | Orc:1    | Upgraded the game from 0.22-a0-161-g198051c to 0.22-a0-196-gee22f27
 21045 | Orc:1    | Quit the game

Vault maps used:
D:1:      minmay_arrival_four_houses
D:2:      uniq_jessica
D:4:      uniq_robin, uniq_sigmund
D:5:      marbit_many_paths, minmay_temple_entry_junction_2, first_ration,
          serial_shops, nicolae_shop_crystal, guppyfry_shop_venom
D:6:      st_stairs_5
D:7:      gammafunk_the_bubble, the_bakery, trog_three_pillars_becter
D:8:      special_room
D:9:      serial_shops, shop, serial_ice, serial_ice_d, serial_ice_c,
          serial_ice_f, serial_ice_n, st_stairs_1
D:10:     uniq_grum, uniq_harold
D:11:     david_lair_shrubbed
D:12:     minmay_orc_entry_guard_dogs, uniq_fannar, uniq_frances, uniq_maurice,
          uniq_sonja
Temple:   kilobyte_greek_temple
Lair:1:   lemuel_fruit_fields, uniq_nergalle
Orc:1:    serial_shops, nicolae_shop_overgrown_old_shop
Orc:2:    grunt_orc_tribal_feast, elf_legates

Skill      XL: |  1  2  3  4  5  6  7  8  9 10 11 12 |
---------------+-------------------------------------+-----
Fighting       | 1 2 3 4 7 8 9 |  9.0
Summonings     | 5 6 7 8 |  8.0
Spellcasting   | 3 4 5 6 |  6.8
Ice Magic      | 2 6 7 |  7.0
Invocations    | 4 6 7 8 |  8.1
Short Blades   | 3 4 6 8 |  8.1
Shields        | 4 |  4.0
Air Magic      | 5 6 |  6.1
Translocations | 2 3 |  3.0
Conjurations   | 1 3 |  3.0
Poison Magic   | 1 3 |  3.0
Dodging        | 4 |  4.6
Stealth        | |  1.7

Action                   |  1- 3 |  4- 6 |  7- 9 | 10-12 || total
-------------------------+-------+-------+-------+-------++-------
Melee: Unarmed           |    26 |       |       |       ||    26
       Dagger            |    56 |   151 |   362 |   515 ||  1084
       Tailslap          |     4 |    21 |    56 |   109 ||   190
       Rapier            |       |       |       |   305 ||   305
       Staff             |       |       |       |     1 ||     1
 Fire: Blowgun           |       |       |       |     5 ||     5
 Cast: Summon Small Mamm |    18 |    10 |     8 |       ||    36
       Call Imp          |     9 |    16 |     3 |       ||    28
       Call Canine Famil |       |     7 |    28 |    25 ||    60
       Summon Ice Beast  |       |     2 |    30 |   108 ||   140
       Blink             |       |       |     1 |    30 ||    31
       Summon Lightning  |       |       |       |    28 ||    28
       Mephitic Cloud    |       |       |       |    35 ||    35
       Apportation       |       |       |       |     2 ||     2
Invok: Greater Healing   |       |       |       |     3 ||     3
       Heal Other        |       |       |       |     2 ||     2
       Lesser Healing    |       |       |       |     1 ||     1
       Purification      |       |       |       |     1 ||     1
 Abil: Breathe Acid      |       |       |    11 |    32 ||    43
Evoke: Wand              |       |       |     5 |    12 ||    17
  Use: Scroll            |     1 |    11 |     8 |     8 ||    28
       Potion            |       |     1 |     1 |     2 ||     4
 Stab: Sleeping          |     2 |     2 |     1 |     1 ||     6
       Distracted        |     1 |     4 |     5 |    10 ||    20
       Confused          |       |       |       |    14 ||    14
  Eat: Chunk             |     3 |     8 |    17 |    40 ||    68
       Ration            |       |     1 |     3 |     9 ||    13
Armor: Skin              |    29 |    36 |    85 |   158 ||   308
Dodge: Dodged            |    75 |    67 |   164 |   454 ||   760
Block: Other             |       |     2 |    32 |       ||    34
       Reflection        |       |       |     1 |    13 ||    14
       Buckler           |       |       |    18 |   328 ||   346

Table legend:
 A = Spawn XP
 B = Non-spawn XP
 C = Spawn XP percentage of total XP
 D = Spawn monster count
 E = Non-spawn monster count
 F = Spawn count percentage of total count
 G = Total turns spent on level
                    A         B        C        D         E        F      G
               +---------+---------+-------+---------+---------+-------+---------
         Total |       0 |   29750 |   0.0 |       0 |     476 |   0.0 | 21045
               +---------+---------+-------+---------+---------+-------+---------
           D:1 |       0 |      76 |   0.0 |       0 |      22 |   0.0 |  1528
           D:2 |       0 |      92 |   0.0 |       0 |      25 |   0.0 |   751
           D:3 |       0 |     144 |   0.0 |       0 |      23 |   0.0 |   963
           D:4 |       0 |     375 |   0.0 |       0 |      16 |   0.0 |   974
           D:5 |       0 |     559 |   0.0 |       0 |      23 |   0.0 |  1491
           D:6 |       0 |    1369 |   0.0 |       0 |      33 |   0.0 |  1620
           D:7 |       0 |    2137 |   0.0 |       0 |      43 |   0.0 |  2022
           D:8 |       0 |    2495 |   0.0 |       0 |      47 |   0.0 |  1112
           D:9 |       0 |    3155 |   0.0 |       0 |      54 |   0.0 |  2559
          D:10 |       0 |    3052 |   0.0 |       0 |      45 |   0.0 |  1799
          D:11 |       0 |    2690 |   0.0 |       0 |      28 |   0.0 |  1906
          D:12 |       0 |    4223 |   0.0 |       0 |      25 |   0.0 |  1370
         Orc:1 |       0 |    6748 |   0.0 |       0 |      61 |   0.0 |  2201
         Orc:2 |       0 |    2635 |   0.0 |       0 |      31 |   0.0 |   680
               +---------+---------+-------+---------+---------+-------+---------
